 Dungeon Crawl Stone Soup version 0.30.1-11-g7821555f0a (webtiles) character file.

Game seed: 6010395164378879728

9326 lonewolfV2 the Cleaver (level 11, -7/135 HPs)
             Began as a Formicid Fighter on Nov 17, 2023.
             Was a Believer of Qazlal.
             Mangled by a manticore (9 damage)
             ... on level 10 of the Dungeon.
             The game lasted 00:13:39 (9789 turns).

lonewolfV2 the Cleaver (Formicid Fighter)           Turns: 9789, Time: 00:13:40

Health: -7/135     AC: 32    Str: 27    XL:     11   Next: 72%
Magic:  14/14      EV:  2    Int: 16    God:    Qazlal [**....]
Gold:   412        SH: 14    Dex: 13    Spells: 10/10 levels left

rFire   . . .        a - +0 war axe (protect)
rCold   + . .        c - +0 buckler
rNeg    . . .        n - melded +0 plate armour
rPois   +            (helmet unavailable)
rElec   .            (cloak currently unavailable)
rCorr   .            (gloves currently unavailable)
SInv    .            (boots currently unavailable)
Will    +....        g - amulet of reflection
Stlth   +            r - ring of protection from cold
HPRegen 0.42/turn    t - +6 ring of strength
MPRegen 0.14/turn

%: reflection
@: mighty, tree-form, under a protective aura
A: stationary, stasis, torment immunity, boosted hp, permanent stasis, dig
shafts and tunnels, (antennae 3), four strong arms, clever 2, screaming 1
a: Renounce Religion, Upheaval


You were on level 10 of the Dungeon.
You worshipped Qazlal.
Qazlal was pleased with you.
You were a tree.
You visited 2 branches of the dungeon, and saw 11 of its levels.
You also visited: Ossuary.

You collected 671 gold pieces.
You spent 248 gold pieces at shops.
You donated 11 gold pieces to Zin.

Inventory:

Hand Weapons
 a - a +0 war axe of protection (weapon)
 y - a +0 battleaxe of freezing
Missiles
 q - 3 throwing nets
Armour
 b - a +0 scale mail
 c - a +0 buckler (worn)
 n - a +0 plate armour (melded)
Jewellery
 g - an amulet of reflection (around neck)
 i - an amulet of magic regeneration
 r - a ring of protection from cold (left branch)
 t - a +6 ring of strength (right branch)
Wands
 w - a wand of iceblast (16)
 A - a wand of flame (10)
Scrolls
 e - 6 scrolls of teleportation
 f - 2 scrolls of amnesia
 j - 4 scrolls of identify
 l - 3 scrolls of noise
 v - 2 scrolls of blinking
 x - a scroll of silence
 z - a scroll of magic mapping
Potions
 d - a potion of might
 h - 2 potions of haste
 m - 2 potions of lignification
 o - 2 potions of flight
 p - 4 potions of brilliance
 s - 2 potions of magic
 u - 3 potions of mutation


   Skills:
 - Level 10.1 Fighting
 - Level 10.3 Axes
 - Level 10.0 Armour
 + Level 9.8 Shields
 * Level 4.4 Invocations


You had 10 spell levels left.
You didn't know any spells.
Your spell library contained the following spells:

 Spells                   Type           Power      Damage    Failure   Level
 Slow                     Hex            0%         N/A       28%         1
 Sting                    Tmut/Pois      0%         1d3       28%         1
 Confusing Touch          Hex            0%         N/A       63%         3
 Stone Arrow              Conj/Erth      0%         3d7       63%         3
 Tukima's Dance           Hex            0%         N/A       63%         3
 Vampiric Draining        Necr           0%         2d6       63%         3
 Animate Armour           Summ/Erth      0%         N/A       95%         4
 Passage of Golubria      Tloc           0%         N/A       95%         4
 Blade Hands              Tmut           0%         N/A       100%        5
 Yara's Violent Unravell  Hex/Tmut       0%         3d3       100%        5
 Iron Shot                Conj/Erth      0%         9d1       100%        6
 Simulacrum               Ice/Necr       0%         N/A       100%        6
 Ozocubu's Refrigeration  Ice            0%         4d7       100%        7
 Lehudib's Crystal Spear  Conj/Erth      0%         10d2      100%        8
 Polar Vortex             Ice            0%         N/A       100%        9


Dungeon Overview and Level Annotations

Branches:
Dungeon (10/15)            Temple (1/1) D:7            Lair (0/5) D:8
Ossuary (visited)
    Orc: D:9-12

Altars:
Cheibriados
Dithmenos
Elyvilon
Fedhas
Gozag
Hepliaklqana
Kikubaaqudgha
Makhleb
Okawaru
Qazlal
Ru
Sif Muna
Trog
Uskayaw
Vehumet
Wu Jian
Xom
Yredelemnul
Zin
The Shining One

Shops:
D:1 [   D:3 !   D:8 =   D:9 ![!


Innate Abilities, Weirdness & Mutations

You are a tree.
Your roots penetrate the ground, keeping you stationary.
You cannot be teleported.
You are immune to unholy pain and torment.
Your maximum health is greatly increased.
Your equipment is partially melded.
You cannot be hasted, slowed, berserked, paralysed or teleported.
You can dig through walls and to a lower floor.
((You have a pair of large antennae on your head. (SInv)))
Your four strong arms can wield two-handed weapons with a shield.
Your mind is very acute. (Int +8, Str/Dex -2)
You occasionally shout uncontrollably at your foes.


Message History

The basilisk bites you.
* * * LOW HITPOINT WARNING * * *
You closely miss the basilisk.
The basilisk is lightly wounded.
The basilisk hisses menacingly.
The basilisk barely misses you.
You slice the basilisk!!
The basilisk is almost dead.
You slash the basilisk!
You kill the basilisk!
Qazlal accepts your kill.
The manticore flicks its tail.
The volley of spikes hits you but does no damage.
You cannot move.
You slash the manticore!
The manticore is moderately wounded.
The manticore bites you.
* * * LOW HITPOINT WARNING * * *
You block the manticore's attack.
The manticore claws you but does no damage.
You slash the manticore!
The manticore is heavily wounded.
You block the manticore's attack. The manticore claws you.
* * * LOW HITPOINT WARNING * * *
The manticore claws you but does no damage.
The manticore bites you!
* * * LOW HITPOINT WARNING * * *
The manticore claws you.
* * * LOW HITPOINT WARNING * * *
The manticore claws you but does no damage.
You barely miss the manticore.
The manticore is heavily wounded.
You feel less wooden.
Your +0 plate armour unmelds from your body.
Really quaff the potion of lignification?
You turn into a tree.
Your +0 plate armour melds into your body.
Your roots penetrate the ground.
You block the manticore's attack. The manticore claws you!
You die...

#.........#......
#.........#....))
##........#....).
###....)...#....÷. #
#.[........)..(...
#.#..[.#............
#.#+...###........##
####+.'###...###........
#.....○♣H..#...###(.....
####+.+###.#.....#......
# #+...#............
#....#............
#.)..#........####
...8.8.8.†..........#...
.8.......8..........#...
....H.~.............#...
..8..8..8...........#...


You could see a manticore.

Vanquished Creatures
  A two-headed ogre (D:9)
  An orc knight (D:10)
  2 cyclopes (D:10)
  2 ugly things (D:10)
  A yaktaur (D:10)
  A troll (D:10)
  A hornet (D:9)
  A slime creature (D:10)
  A shadow (D:10)
  A wraith (D:9)
  A wyvern (D:10)
  A basilisk (D:10)
  6 yaks
  3 water moccasins
  A sky beast (D:6)
  2 ice beasts (D:7)
  4 black bears
  2 ogres (D:5)
  3 centaurs
  4 kobold brigands
  2 gnoll sergeants
  8 bullfrogs
  3 scorpions
  6 water moccasin zombies (Ossuary)
  8 wights
  5 killer bees (D:10)
  6 hounds
  4 jellies
  4 orc priests
  A sleepcap (D:7)
  8 iguanas
  4 orc wizards
  2 mummies (Ossuary)
  13 gnolls
  7 adders
  2 shadow imps
  3 white imps
  2 ufetubi
  2 adder zombies (Ossuary)
  2 worms (D:2)
  2 dart slugs (D:1)
  16 orcs
  3 bats
  7 endoplasms
  4 giant cockroaches
  7 gnoll zombies (Ossuary)
  9 goblins
  12 hobgoblins
  6 jackals
  5 quokkas
  11 ball pythons
  7 frilled lizards
  3 hobgoblin zombies (Ossuary)
  25 kobolds
  3 kobold zombies (Ossuary)
  8 orc zombies (Ossuary)
  14 rats
273 creatures vanquished.

Notes
Turn   | Place    | Note
-------+----------+-------------------------------------------
     0 | D:1      | lonewolfV2 the Formicid Fighter began the quest for the
                  | Orb.
     0 | D:1      | Reached XP level 1. HP: 18/18 MP: 1/1
    73 | D:1      | Reached XP level 2. HP: 13/24 MP: 2/2
   188 | D:1      | Reached XP level 3. HP: 23/30 MP: 3/3
   378 | D:1      | Found Ymicoqusk's Armour Shop.
   637 | D:2      | Found a radiant altar of Vehumet.
   682 | D:2      | Reached XP level 4. HP: 30/37 MP: 4/4
  1175 | D:3      | Found a faded altar of an unknown god.
  1197 | D:3      | Got Plato's Disquisition on the Scorpion
  1200 | D:3      | Prayed at the altar of an unknown god.
  1200 | D:3      | Became a worshipper of Zin the Law-Giver
  1200 | D:3      | Reached * piety under Zin
  1200 | D:3      | Reached ** piety under Zin
  1201 | D:3      | Fell from the grace of Zin
  1293 | D:3      | Found Ydoin's Distillery.
  1347 | D:3      | Found an ornate altar of the Wu Jian Council.
  1348 | D:3      | Found a blossoming altar of Fedhas.
  1505 | D:3      | Reached XP level 5. HP: 31/43 MP: 5/5
  1687 | D:3      | Found a sacrificial altar of Ru.
  1879 | D:4      | You fall into a shaft and drop 1 floor!
  1879 | D:5      | Entered Level 5 of the Dungeon
  1884 | D:5      | Identified the staff of conjuration "Vyily" {+Blink rPois
                  | Str-5 Dex+5}
  1923 | D:5      | Reached skill level 5 in Fighting
  1945 | D:5      | Noticed an ogre
  1962 | D:5      | Killed an ogre
  1963 | D:5      | Reached XP level 6. HP: 28/51 MP: 6/6
  2043 | D:5      | Reached skill level 5 in Axes
  2043 | D:5      | Reached XP level 7. HP: 37/58 MP: 7/7
  2793 | D:4      | Reached XP level 8. HP: 67/67 MP: 8/8
  3219 | D:4      | Identified the staff of air "Tock" {rElec Will+ Int+3}
  3616 | D:5      | Found a shimmering altar of Xom.
  3963 | D:6      | HP: 1/68 [black bear (10)]
  4164 | D:6      | Found a sand-covered staircase.
  4170 | Ossuary  | Entered an ossuary
  4215 | Ossuary  | Reached XP level 9. HP: 75/75 MP: 9/9
  4400 | Ossuary  | Gained mutation: Your mind is acute. (Int +4, Str/Dex -1)
                  | [potion of mutation]
  4400 | Ossuary  | Gained mutation: You occasionally shout uncontrollably at
                  | your foes. [potion of mutation]
  4400 | Ossuary  | Gained mutation: Your mind is very acute. (Int +8, Str/Dex
                  | -2) [potion of mutation]
  5566 | D:7      | Reached skill level 10 in Fighting
  5832 | D:7      | Reached XP level 10. HP: 36/85 MP: 10/10
  5999 | D:7      | Found a staircase to the Ecumenical Temple.
  6128 | D:7      | Reached skill level 5 in Armour
  6137 | Temple   | Entered the Ecumenical Temple
  6164 | Temple   | Became a worshipper of Qazlal Stormbringer
  6989 | D:8      | Found a white marble altar of Elyvilon.
  6991 | D:8      | Found a glowing golden altar of the Shining One.
  6991 | D:8      | Found a glowing silver altar of Zin.
  7018 | D:8      | Found a shadowy altar of Dithmenos.
  7411 | D:8      | Found a staircase to the Lair.
  7782 | D:8      | Found Asahe's Jewellery Shop.
  7863 | D:8      | Noticed a moth of wrath
  7951 | D:8      | Found a bloodstained altar of Trog.
  8262 | D:9      | Found Wefosal's Distillery.
  8270 | D:9      | Bought a potion of curing for 36 gold pieces
  8270 | D:9      | Bought a potion of curing for 36 gold pieces
  8270 | D:9      | Bought a potion of curing for 36 gold pieces
  8293 | D:9      | Reached * piety under Qazlal
  8299 | D:9      | Reached skill level 10 in Axes
  8491 | D:9      | Found Ketzufu's Armour Boutique.
  8800 | D:9      | Noticed a two-headed ogre
  8812 | D:9      | Killed a two-headed ogre
  8813 | D:9      | Reached skill level 5 in Shields
  8813 | D:9      | Reached XP level 11. HP: 42/90 MP: 11/11
  9174 | D:9      | Found Gejem's Distillery.
  9178 | D:9      | Bought a potion of heal wounds for 70 gold pieces
  9178 | D:9      | Bought a potion of heal wounds for 70 gold pieces
  9267 | D:10     | Entered Level 10 of the Dungeon
  9297 | D:10     | Noticed a cyclops
  9315 | D:10     | Killed a cyclops
  9526 | D:10     | Noticed a cyclops
  9545 | D:10     | Killed a cyclops
  9546 | D:10     | Reached skill level 10 in Armour
  9706 | D:10     | Noticed an orc knight
  9715 | D:10     | Noticed a brown ugly thing
  9716 | D:10     | Killed an orc knight
  9716 | D:10     | Reached ** piety under Qazlal
  9716 | D:10     | Noticed a purple ugly thing
  9725 | D:10     | Noticed a manticore
  9745 | D:10     | Killed a brown ugly thing
  9757 | D:10     | Killed a purple ugly thing
  9787 | D:10     | HP: 2/135 [manticore (5)]
  9789 | D:10     | Mangled by a manticore

Illustrated notes

Levels and vault maps discovered:
D:1:      scummos_arrival_checkerplants, layout_rooms, serial_shops,
          nicolae_shop_advertising_works [nicolae_subvault_shop_adworks]
D:2:      layout_basic, basic_altar
D:3:      layout_basic, mainiacjoe_overflow_surrounded_room,
          nicolae_overflow_squiral, shapermc_ecumenical_altar_rom_forum,
          serial_shops, shop
D:4:      cheibrodos_barr_body, layout_rooms
D:5:      layout_loops_ring, nicolae_overflow_crystal_walls,
          minmay_fractal_squares_diagonal_5
D:6:      layout_basic, enter_ossuary_5
D:7:      nicolae_cairo_tiling, layout_loops_corners, minmay_temple_entry_wispy
D:8:      layout_loops_ring, dreamdust_divine_triumvirate,
          nicolae_dithmenos_the_darkroom, tgw_trog, dpeg_oklobed_lair,
          minmay_shop_enchanted_jewellery
D:9:      layout_cross, serial_shops, nicolae_shop_crystal, shop,
          nicolae_shop_back_alley_shop
D:10:     minmay_the_grid_four_pointed_star_mashed
          [minmay_the_grid_triangle_9x9_steps,
          minmay_the_grid_triangle_9x9_thin_v,
          minmay_the_grid_triangle_9x9_cache,
          minmay_the_grid_triangle_9x9_shrine,
          minmay_the_grid_prize_four_corners], layout_stronghold,
          nemelex_diamond_rough_becter, kennysheep_little_box, enter_bailey_2,
          nicolae_elemental_shop
Temple:   hellmonk_temple_of_storms

Skill      XL: |  1  2  3  4  5  6  7  8  9 10 11 |
---------------+----------------------------------+-----
Fighting       | 4 5 6 7 8 10 | 10.1
Axes           | 3 4 5 6 7 9 10 | 10.3
Armour         | 4 9 10 | 10.0
Shields        | 5 9 |  9.8
Invocations    | 4 |  4.4

Action                     |  1- 3 |  4- 6 |  7- 9 | 10-12 || total
---------------------------+-------+-------+-------+-------++-------
  Melee: War axe           |    69 |    94 |   362 |   251 ||   776
 Invoke: Renounce Religion |       |     1 |       |       ||     1
  Evoke: Wand              |       |       |       |     5 ||     5
    Use: Scroll            |     3 |     7 |     6 |     4 ||    20
         Potion            |       |     2 |     8 |    13 ||    23
 Armour: Scale mail        |    45 |    10 |       |       ||    55
         Plate armour      |       |    35 |   266 |   160 ||   461
         Skin              |       |       |       |    14 ||    14
  Dodge: Dodged            |    34 |    25 |   132 |    91 ||   282
  Block: Buckler           |    38 |    53 |   192 |   184 ||   467
         Reflection        |       |     1 |     2 |    12 ||    15
